 Dungeon Crawl Stone Soup version 0.23-a0-629-gae4348f (webtiles) character file.

15 Leeroy the Charmwright (level 2, 0/23 HPs)
             Began as a Barachi Skald on Dec 26, 2018.
             Succumbed to an adder's poison
             ... on level 1 of the Dungeon.
             The game lasted 00:01:59 (862 turns).

Leeroy the Charmwright (Barachi Skald)               Turns: 862, Time: 00:02:00

Health: 0/23       AC:  5    Str: 12    XL:     2   Next: 50%
Magic:  5/5        EV: 12    Int: 15    God:
Gold:   72         SH:  0    Dex: 11    Spells: 4/5 levels left

rFire    . . .     SeeInvis .   a - +0 falchion
rCold    . . .     Gourm    .   (no shield)
rNeg     . . .     Faith    .   b - +0 leather armour
rPois    .         Spirit   .   n - +0 helmet
rElec    .         Reflect  .   (no cloak)
rCorr    .         Harm     .   (no gloves)
MR       .....                  g - +0 pair of boots (curse)
Stlth    +.........             (no amulet)
HPRegen  0.07/turn              (no ring)
MPRegen  0.09/turn              (no ring)

@: lethally poisoned (0 -> -15), very slightly contaminated, slow
A: +LOS, swims, clever 1, deterioration 1, slowness 1, strong legs 1
a: Hop


You were on level 1 of the Dungeon.
You were not hungry.

You visited 1 branch of the dungeon, and saw 2 of its levels.

You collected 72 gold pieces.

Inventory:

Hand Weapons
 a - a +0 falchion (weapon)
 e - a +0 dagger
Missiles
 f - 10 sling bullets
 i - 13 poisoned needles
 o - 14 stones (quivered)
Armour
 b - a +0 leather armour (worn)
 c - a +0 scale mail
 g - a cursed +0 pair of boots (worn)
 n - a +0 helmet (worn)
Scrolls
 h - a scroll of teleportation {unknown}
 k - a scroll of enchant weapon {unknown}
 l - a scroll of identify {unknown}
Potions
 p - a potion of might {unknown}
Comestibles
 d - 2 rations


   Skills:
 + Level 2.6 Fighting
 * Level 2.6 Long Blades
 - Level 1.2 Armour
 - Level 2.1 Dodging
 - Level 2.1 Spellcasting
 - Level 4.0 Charms


You had 4 spell levels left.
You knew the following spells:

 Your Spells              Type           Power        Failure   Level  Hunger
a - Infusion              Chrm           ##..         5%          1    #......

Your spell library contained the following spells:

 Spells                   Type           Power        Failure   Level  Hunger
 Song of Slaying          Chrm           ##......     9%          2    ###....
 Shroud of Golubria       Chrm/Tloc      #.........   19%         2    ###....
 Regeneration             Chrm/Necr      #.........   36%         3    ###....
 Spectral Weapon          Hex/Chrm       #.......     36%         3    ###....


Dungeon Overview and Level Annotations

Branches:
Dungeon (2/15)

Altars:


Innate Abilities, Weirdness & Mutations

Shadows flee at your approach. (+LOS)
You can swim through water.
You cover ground slowly.
You can hop short distances.
Your mind is acute. (Int +2)
Your body sometimes deteriorates upon taking damage.


Message History

Unknown command.
You feel sick. The adder bites you.
You are lethally poisoned!
The adder poisons you!
You hit the adder.
The adder is heavily wounded.
* * * LOW HITPOINT WARNING * * *
You feel sick. The adder bites you.
* * * LOW HITPOINT WARNING * * *
You are more poisoned.
The adder poisons you!
It was a potion of mutation.
You feel extremely strange.
You feel yourself wasting away.
You feel clever.
* * * LOW HITPOINT WARNING * * *
You feel sick. The adder bites you.
* * * LOW HITPOINT WARNING * * *
The adder closely misses you.
You barely miss the adder.
The adder is moderately wounded.
You die...

#.#.# ### #.#.# ###### #..
####.#.# #....# #.. #......#
#....# ####..
##.##.##########....###.....
#...................'.'.....
#..............#....###.....
#...#########.##....###....#
#...'.....S@..#.............
#...########..#.##########.#
#####......#..#..........#.#
#.........#..........+.#
##......##+#..........###
#..........)..........#
#####....#................##
#...#....#.................#
#...#....#.###+###########.#


You could see an adder.

Vanquished Creatures
  A leopard gecko (D:1)
  2 ball pythons (D:1)
  A bat (D:1)
  A giant cockroach (D:1)
  3 goblins (D:1)
  A hobgoblin (D:1)
  A kobold (D:1)
  A rat (D:1)
11 creatures vanquished.

Notes
Turn   | Place    | Note
-------+----------+-------------------------------------------
     0 | D:1      | Leeroy the Barachi Skald began the quest for the Orb.
     0 | D:1      | Reached XP level 1. HP: 17/17 MP: 3/3
   284 | D:1      | Reached XP level 2. HP: 21/23 MP: 5/5
   598 | D:1      | Reached skill level 4 in Charms
   861 | D:1      | Gained mutation: Your body sometimes deteriorates upon
                  | taking damage. [potion of mutation]
   861 | D:1      | Gained mutation: Your mind is acute. (Int +2) [potion of
                  | mutation]
   862 | D:1      | Succumbed to an adder's poison

Vault maps used:
D:1:      sevenhm_arrival_forest_fort_small_5, hangedman_decor_points
D:2:      trog_book, uniq_jessica, uniq_terence

Skill      XL: |  1  2 |
---------------+-------+-----
Charms         | 4 |  4.0
Fighting       | |  2.6
Long Blades    | |  2.6
Armour         | |  1.2
Dodging        | |  2.1
Spellcasting   | |  2.1

Action                   || total
-------------------------++-------
Melee: Falchion          ||    36
  Use: Potion            ||     1
Armor: Leather armour    ||    10
Dodge: Dodged            ||    23
       Rpst.: Falchion   ||     7

Table legend:
 A = Non-vault XP
 B = Vault XP
 C = Vault XP percentage of total XP
 D = Non-vault monster count
 E = Vault monster count
 F = Vault count percentage of total count
                 A         B        C        D         E       F
            +---------+---------+-------+---------+---------+-------
      Total |      22 |       0 |   0.0 |      11 |       0 |   0.0
            +---------+---------+-------+---------+---------+-------
        D:1 |      22 |       0 |   0.0 |      11 |       0 |   0.0
            +---------+---------+-------+---------+---------+-------
